 Dungeon Crawl Stone Soup version 0.32-a0-900-g30fb1b0edc (webtiles) character file.

Game seed: 14960203437667578047

156 KennySheep the Conjurer (level 5, -3/53 HPs)
             Began as an Oni Conjurer on Apr 6, 2024.
             Slain by an ogre
             ... wielding a +0 giant club
              (25 damage)
             ... on level 5 of the Dungeon.
             The game lasted 00:07:42 (2810 turns).

KennySheep the Conjurer (Oni Conjurer)              Turns: 2810, Time: 00:07:43

Health: -3/53      AC:  3    Str: 11    XL:     5   Next: 38%
Magic:  7/10       EV:  8    Int: 21    God:
Gold:   77         SH:  0    Dex:  7    Spells: 8/11 levels left

rFire   . . .        c - +0 dagger
rCold   . . .        (no shield)
rNeg    . . .        a - +0 robe
rPois   .            (helmet restricted)
rElec   .            (no cloak)
rCorr   .            (gloves unavailable)
SInv    .            (boots unavailable)
Will    .....        (no amulet)
Stlth   +            (no ring)
HPRegen 0.28/turn    (no ring)
MPRegen 0.12/turn

%: no passive effects
@: no status effects
A: large, unfitting armour, horns 1, tough skin 1, double potion healing,
drunken brawling
a: no special abilities


You were on level 5 of the Dungeon.
You visited 1 branch of the dungeon, and saw 5 of its levels.

You collected 77 gold pieces.

Inventory:

Hand Weapons
 c - a +0 dagger (weapon)
Armour
 a - a +0 robe (worn)
Magical Staves
 g - a staff of fire
Jewellery
 l - a +4 ring of protection
 o - a +4 ring of protection
Scrolls
 h - a scroll of enchant armour {unknown}
 j - a scroll of identify
 m - a scroll of fear {unknown}
 n - a scroll of poison {unknown}
Potions
 b - a potion of magic
 d - 2 potions of heal wounds {unknown}
 e - a potion of attraction {unknown}
 i - a potion of might {unknown}
 k - a potion of ambrosia {unknown}


   Skills:
 + Level 3.1 Fighting
 - Level 1.7 Dodging
 - Level 1.4 Stealth
 + Level 3.6 Spellcasting
 + Level 4.3 Conjurations
 + Level 1.8 Translocations


You had 8 spell levels left.
You knew the following spells:

 Your Spells              Type           Power      Damage    Failure   Level
a - Magic Dart            Conj           88%        1d7       1%          1
b - Searing Ray           Conj           44%        2d6       3%          2

Your spell library contained the following spells:

 Spells                   Type           Power      Damage    Failure   Level
 Dazzling Flash           Conj/Hex       24%        N/A       16%         3
 Mephitic Cloud           Conj/Alch/Air  9%         N/A       21%         3
 Iskenderun's Mystic Bla Conj/Tloc 16%            2d5        (+2d2     34%         4
 Fulminant Prism          Conj/Alch      6%         3d7       45%         4
 Curse of Agony           Necr           3%         N/A       98%         5
 Silence                  Hex/Air        1%         N/A       98%         5


Dungeon Overview and Level Annotations

Branches:
Dungeon (6/15)
 Temple: D:4-7

Altars:
Dithmenos

Annotations:
D:5 Edmund


Innate Abilities, Weirdness & Mutations

You are too large for most types of armour.
You have a pair of small horns on your head.
You have tough skin. (AC +1)
You gain doubled healing and magic from potions.
Whenever you drink a healing potion, you attack all around you.


Message History

Found a stone staircase leading up.
Found a stone staircase leading down.
A gnoll comes into view. It is wielding a +0 spear.
The gnoll shouts!
You hear a shout!
A gnoll comes into view. It is wielding a +0 spear.
There are monsters nearby!
The gnoll attacks as it pursues you!
The gnoll hits you from afar with a +0 spear.
The gnoll attacks as it pursues you! The gnoll barely misses you.
There is a stone staircase leading up here.
The gnoll hits you but does no damage.
You climb upwards.
Edmund shouts!
Found a scroll labelled IMETUGO KONA.
There is a stone staircase leading down here.
Okay, then.
As you read the scroll labelled PENOMU JAMN, it crumbles to dust.
It is a scroll of identify.
f - a scroll of teleportation
As you read the scroll of teleportation, it crumbles to dust.
You feel strangely unstable.
Found a stone staircase leading down.
Your surroundings suddenly seem different.
An ogre comes into view. It is wielding a +0 giant club.
Found an escape hatch in the floor.
The ogre shouts!
The ogre hits you with a +0 giant club!!
Ouch! That really hurt!
Casting: Searing Ray (safe; 3% risk of failure)
Confirm with . or Enter, or press ? or * to list all spells.
Aiming: Searing Ray (safe; 3% risk of failure)
Press: ? - help, Shift-Dir - straight line, f - ogre
Aim: an ogre, wielding a +0 giant club (89% to hit)
The searing ray hits the ogre.
The ogre is lightly wounded. (Press . to maintain the ray.)
The searing ray hits the ogre.
The ogre is moderately wounded.
The ogre hits you with a +0 giant club!!
You die...

##### #####
.....#####....#
.......O.......
.....
.......@.......
....
.###....#......
... ##..##
#.... #.. #..
..> ##.. #.# .
#... #. ##...
.. #.... #.#
#.... #. ##...


You could see an ogre.

Vanquished Creatures
  2 hounds
  3 adders (D:2)
  4 dart slugs
  2 ribbon worms (D:2)
  6 bats
  3 endoplasms
  3 giant cockroaches
  8 goblins
  2 hobgoblins
  2 jackals (D:2)
  7 quokkas
  3 ball pythons (D:3)
  3 frilled lizards
  3 kobolds
  8 rats
59 creatures vanquished.

Notes
Turn   | Place    | Note
-------+----------+-------------------------------------------
     0 | D:1      | KennySheep the Oni Conjurer began the quest for the Orb.
     0 | D:1      | Reached XP level 1. HP: 16/16 MP: 3/3
   170 | D:1      | Reached skill level 1 in Fighting
   170 | D:1      | Reached XP level 2. HP: 19/27 MP: 2/5
   214 | D:1      | Learned a level 2 spell: Searing Ray
   698 | D:1      | Reached XP level 3. HP: 33/33 MP: 5/7
   726 | D:1      | Found a faded altar of an unknown god.
  1199 | D:2      | Found a shadowy altar of Dithmenos.
  1275 | D:2      | Identified the +2 leather armour "Pegamm" {rN+ Dex+4}
  1318 | D:2      | Reached skill level 4 in Conjurations
  1414 | D:2      | Reached skill level 1 in Translocations
  1512 | D:2      | Reached XP level 4. HP: 42/42 MP: 5/8
  2188 | D:3      | Reached XP level 5. HP: 46/52 MP: 3/10
  2366 | D:3      | Found a shadowy altar of Dithmenos.
  2670 | D:3      | You fall into a shaft and drop 3 floors!
  2801 | D:5      | Entered Level 5 of the Dungeon
  2801 | D:5      | Noticed Edmund
  2807 | D:5      | Noticed an ogre
  2810 | D:5      | Slain by an ogre

Illustrated notes

Levels and vault maps discovered:
D:1:      lightli_molten_gateway, layout_loops_ring,
          shapermc_ecumenical_altar_notcrosses
D:2:      layout_basic, basic_altar, minmay_cut_off
D:3:      layout_basic, grunt_dithmenos_smoke_and_mirrors,
          mainiacjoe_overflow_paths
D:5:      layout_layer_cave, uniq_edmund
D:6:      layout_basic, overflow_temple_1_default, minmay_temple_entry_ruins

Skill      XL: |  1  2  3  4  5 |
---------------+----------------+-----
Fighting       | 1 2 3 |  3.1
Spellcasting   | 3 |  3.6
Conjurations   | 4 |  4.3
Translocations | 1 |  1.8
Dodging        | |  1.7
Stealth        | |  1.4

Action                     |  1- 3 |  4- 6 || total
---------------------------+-------+-------++-------
  Melee: Unarmed           |    18 |       ||    18
         Dagger            |    10 |       ||    10
   Cast: Magic Dart        |    69 |    46 ||   115
         Searing Ray       |     2 |     3 ||     5
    Use: Scroll            |       |     2 ||     2
 Armour: Robe              |    32 |    11 ||    43
  Dodge: Dodged            |    21 |     6 ||    27

Table legend: (Time is in decaauts)
 A = Elapsed time spent in this place.
 B = Non-inter-level travel time spent in this place.
 C = Inter-level travel time spent in this place.
 D = Time resting spent in this place.
 E = Time spent auto-exploring this place.
 F = Levels seen in this place.
 G = Mean time per level.
                   A        B        C        D        E       F      G
               +--------+--------+--------+--------+--------+-----+--------+
         Total |   2808 |   2740 |     68 |     90 |   2301 |   5 |  561.6 |
       Dungeon |   2808 |   2740 |     68 |     90 |   2301 |   5 |  561.6 |
               +--------+--------+--------+--------+--------+-----+--------+

Top non-repeatable levels by time:
     D:1: 1133 daAuts
     D:2: 961 daAuts
     D:3: 573 daAuts
     D:6: 130 daAuts
     D:5: 8 daAuts
